 Dungeon Crawl Stone Soup version 0.23.2-40-g277498a (webtiles) character file.

Game seed: 13670579467280618289

74 wyoknott the Covered (level 4, -11/41 HPs)
             Began as a Minotaur Fighter on Sept 1, 2019.
             Was an Initiate of Trog.
             Mangled by a gnoll
             ... wielding a +0 halberd
              (12 damage)
             ... on level 2 of the Dungeon.
             The game lasted 00:05:03 (1394 turns).

wyoknott the Covered (Minotaur Fighter)             Turns: 1394, Time: 00:05:04

Health: -11/41     AC: 11    Str: 22    XL:     4   Next: 9%
Magic:  3/3        EV:  4    Int:  5    God:    Trog [......]
Gold:   117        SH:  9    Dex:  9    Spells: 3/3 levels left

rFire    . . .     SeeInvis .   a - +0 trident
rCold    . . .     Gourm    .   c - +0 shield
rNeg     . . .     Faith    .   l - +0 plate armour
rPois    .         Spirit   .   (helmet restricted)
rElec    .         Reflect  .   (no cloak)
rCorr    .         Harm     .   (no gloves)
MR       .....                  (no boots)
Stlth    ..........             (no amulet)
HPRegen  0.13/turn              (no ring)
MPRegen  0.08/turn              (no ring)

@: no status effects
A: retaliatory headbutt, horns 2
a: Renounce Religion


You were on level 2 of the Dungeon.
You worshipped Trog.
Trog was noncommittal.
You were not hungry.

You visited 1 branch of the dungeon, and saw 2 of its levels.

You collected 117 gold pieces.

Inventory:

Hand Weapons
 a - a +0 trident (weapon)
Armour
 b - a +0 scale mail
 c - a +0 shield (worn)
 l - a +0 plate armour (worn)
Jewellery
 e - an uncursed ring of see invisible {unknown}
Scrolls
 h - a scroll of identify
 k - a scroll of teleportation
Potions
 d - a potion of might
 i - a potion of heal wounds
 j - a potion of haste {unknown}
Comestibles
 f - a ration
 g - 5 chunks of flesh


   Skills:
 + Level 4.3 Fighting
 + Level 3.4 Polearms
 + Level 4.3 Armour
 + Level 4.3 Shields


You had 3 spell levels left.
You didn't know any spells.
Your spell library was empty.

Dungeon Overview and Level Annotations

Branches:
Dungeon (2/15)

Altars:
Trog


Innate Abilities, Weirdness & Mutations

You reflexively headbutt those who attack you in melee.
You have a pair of horns on your head.


Message History

* * * LOW HITPOINT WARNING * * *
You completely miss the gnoll.
The gnoll is severely wounded.
You block the gnoll's attack. The gnoll barely misses you.
You furiously retaliate!
You headbutt the gnoll!
You kill the gnoll!
Trog accepts your kill.
You have reached level 4!
You feel stronger.
The gnoll hits you from afar with a +0 halberd.
* * * LOW HITPOINT WARNING * * *
The adder bites you.
* * * LOW HITPOINT WARNING * * *
You block the gnoll's attack. You block the adder's attack.
The gnoll hits you from afar with a +0 spear.
* * * LOW HITPOINT WARNING * * *
You block the adder's attack.
The gnoll hits you from afar with a +0 halberd!
You die...

##.########.### .......
+.............. ......(
#..########÷#.# .......
#÷.########.#.#
.....##+####..##.......#.#
.....##.......##.#.....#.#
#..[.#.....# #........
#.####....#.Sg..# .#.......#
#>.......÷.@##$###.#.#..<..#
####...............#.#.....#
##........g.....# +.....#
#..............# #.....#
##....)........+.......#
#.............#########
#..####.......# ##.#
#........# #. #.......##


You could see 2 gnolls and an adder.

Vanquished Creatures
  A gnoll (D:2)
  2 adders (D:2)
  4 dart slugs
  A leopard gecko (D:1)
  3 bats
  A giant cockroach (D:1)
  7 goblins
  5 hobgoblins
  7 kobolds
  A frilled lizard (D:2)
  A rat (D:1)
33 creatures vanquished.

Notes
Turn   | Place    | Note
-------+----------+-------------------------------------------
     0 | D:1      | wyoknott the Minotaur Fighter began the quest for the Orb.
     0 | D:1      | Reached XP level 1. HP: 19/19 MP: 0/0
   245 | D:1      | Reached XP level 2. HP: 23/27 MP: 1/1
   725 | D:1      | Reached XP level 3. HP: 33/33 MP: 2/2
  1213 | D:2      | Found a bloodstained altar of Trog.
  1220 | D:2      | Became a worshipper of Trog the Wrathful
  1390 | D:2      | Reached XP level 4. HP: 5/41 MP: 3/3
  1391 | D:2      | HP: 2/41 [adder (2)]
  1394 | D:2      | Mangled by a gnoll

Skill      XL: |  1  2 |
---------------+-------+-----
Armour         | 4 |  4.3
Shields        | 4 |  4.3
Fighting       | 4 |  4.3
Polearms       | 3 |  3.4

Action                   |  1- 3 |  4- 6 || total
-------------------------+-------+-------++-------
Melee: Trident           |   101 |       ||   101
       Headbutt          |     8 |       ||     8
  Use: Scroll            |     4 |       ||     4
  Eat: Ration            |     1 |       ||     1
Armor: Scale mail        |    17 |       ||    17
       Plate armour      |    28 |       ||    28
Dodge: Dodged            |    24 |       ||    24
Block: Shield            |    40 |     3 ||    43
